Unix NetHack Version 5.0.0-0 post-release - last build May 10 2026 23:12:36 (d1fa5d53e341ca933230fdaa984d921c805b60aa,branch:main).

Game began 2026-05-11 07:15:25, ended 2026-05-12 10:02:27.

Grufus, chaotic female elven Wizard

                                                          ------
                                                          |..<.|
                 ------   #####`###########  ##       ####...[.|
                 |@..Z.##########--------|----#      ###  |....|
                 |....|##### #)##|C.........C|### #####   ------
                 |.[..|          |.....*.....-#######
                 |...^|          |...-----...|###########
                 |...>|          |...|.{.|...|## ###############
                 ------          |..C.{.{|C..|#          -----.-.----
                                 |...|.{.|...|##   ######-....*.....|
                                 |...-----...|#     #####|...[......|
                                 |.....C.....|#     #    |..........|
                                 |C.........C|#    ##    |..........|
                                 -------------######     ------------
                                             ###

Grufus the Thaumaturge    St:7 Dx:16 Co:16 In:15 Wi:12 Ch:9  Chaotic
Dlvl:7  $:209 HP:0(65) Pw:24(63) AC:5  Xp:7 T:5407 

Latest messages:
 You hit the giant ant!
 The giant ant bites!
 The giant ant bites!
 You kill the giant ant!
 You hear snoring snakes.
 You see here a statue of a plains centaur.
 You see here a statue of a plains centaur.
 "Hello, Grufus, welcome to Delphi!"
 Drink from the fountain? [yn] (n) y
 This tepid water is tasteless.
 You see here a statue of a plains centaur.
 You see here 11 rocks.
 The door resists!
 The door opens.
 With great effort you move the boulder.
 The kobold shaman casts a spell at you!
 You get a slight headache.
 You hit the kobold shaman!
 The kobold shaman points all around, then curses.
 You hit the kobold shaman.
 The kobold shaman points at you, then curses.
 You kill the kobold shaman!
 There is a kobold shaman corpse here; eat it? [ynq] (n) y
 Ecch - that must have been poisonous!
 You finish eating the kobold shaman corpse.
 You feel a mild buzz.
 You see here an elven dagger.
 You see here a splint mail.
 You find an arrow trap.
 In what direction? 8
 Whoops...
 An arrow shoots out at you!
 You are hit by an arrow.
 You see here a splint mail.
 You hit the ettin zombie!
 The ettin zombie hits!
 The ettin zombie hits again!
 You hit the ettin zombie!
 The ettin zombie hits!
 The ettin zombie hits again!
 You hit the ettin zombie!
 The ettin zombie hits!
 The ettin zombie hits again!
 The ettin zombie knocks you backward with a forceful blow!
 You die...
 Do you want your possessions identified? [ynq] (y) y
 Do you want to see your attributes? [ynq] (y) y
 Do you want an account of creatures vanquished? [ynaq] (y) y
 Do you want to see your conduct and achievements? [ynq] (y) y
 Do you want to see the dungeon overview? [ynq] (y) y

Inventory:
 Coins    ('$')
  $ - 209 gold pieces
 Weapons  (')')
  a - a blessed +1 quarterstaff (weapon in hands)
 Armor    ('[')
  V - an uncursed +0 pair of leather gloves (being worn)
  Z - an uncursed +0 pair of kicking boots (being worn)
  b - an uncursed +1 cloak of magic resistance (being worn)
  U - a blessed +1 cloak of protection
 Comestibles  ('%')
  w - an uncursed food ration
  A - an uncursed fortune cookie
  B - 2 uncursed eggs
 Scrolls  ('?')
  j - an uncursed scroll of destroy armor
  k - an uncursed scroll of magic mapping
  F - an uncursed scroll of remove curse
 Spellbooks  ('+')
  M - an uncursed spellbook of fireball
  l - a blessed spellbook of force bolt
  p - an uncursed spellbook of healing
  C - an uncursed spellbook of healing
 Potions  ('!')
  N - an uncursed potion of blindness
  O - a cursed potion of confusion
  S - an uncursed potion of healing
  s - a cursed potion of levitation
  h - an uncursed potion of oil
  u - an uncursed potion of restore ability
  q - an uncursed potion of see invisible
  f - an uncursed potion of speed
 Rings    ('=')
  d - a blessed +3 ring of increase accuracy (on right hand)
  E - a blessed +1 ring of protection (on left hand)
  e - an uncursed ring of teleportation
 Wands    ('/')
  T - a cursed wand of digging (0:7)
  c - a wand of slow monster (0:7)
  z - a wand of stasis (0:3)
  x - a wand of teleportation (0:2)
 Tools    ('(')
  o - an uncursed wooden harp
  n - a magic marker (0:14)
  Y - an uncursed oil lamp
  t - an uncursed skeleton key
  H - an uncursed tin whistle

Grufus the Wizard's attributes:

Background:
 You were a Thaumaturge, a level 7 female elven Wizard.
 You were chaotic, on a mission for Anhur
 who was opposed by Ptah (lawful) and Thoth (neutral).
 You were left-handed.
 You were in the Dungeons of Doom, on level 7.
 You entered the dungeon 5407 turns ago.
 You had 1176 experience points, 104 more were needed to attain level 8.

Basics:
 You had 0 out of 65 hit points.
 You had 24 out of 63 energy points (spell power).
 Your armor class was 5.
 Your wallet contained 209 zorkmids.
 Autopickup was off.

Final Characteristics:
 Your strength was 7 (peak:11, limit:18).
 Your dexterity was 16 (limit:18).
 Your constitution was 16 (limit:16).
 Your intelligence was 15 (limit:20).
 Your wisdom was 12 (limit:20).
 Your charisma was 9 (limit:18).

Final Status:
 You weren't hungry.
 You were unencumbered.
 You were wielding a quarterstaff.
 You had expert skill with quarterstaff.

Final Attributes:
 You were piously aligned.
 You were magic-protected.
 You were cold resistant.
 You were sleep resistant.
 You were telepathic.
 You had infravision.
 You had a small bonus to hit (+3).
 You had a small defense bonus (+1).
 You were guarded.
 You are dead.

Miscellaneous:
 You didn't encounter any bones levels.
 Total elapsed playing time was 4 hours and 15 seconds.

Major events:
 Turn
    1: Grufus the chaotic female elven Wizard entered the dungeon
 1102: attained the rank of Conjurer (level 3)
 3129: attained the rank of Thaumaturge (level 6)
 5407: killed by an ettin zombie, while moving through the air

Spells:
 Name                 Level Category     Fail Retention
 force bolt             1   attack         0%   81%-90%
 cure blindness         2   healing       62%  76%-100%
 healing                1   healing        0%  76%-100%
 fireball               4   attack        82%   81%-90%

Skills:
 Fighting Skills
   bare handed combat [Unskilled]
   riding             [Unskilled]
 Weapon Skills
   dagger             [Unskilled]
   knife              [Unskilled]
   axe                [Unskilled]
   short sword        [Unskilled]
   club               [Unskilled]
   mace               [Unskilled]
   quarterstaff       [Expert]
   polearms           [Unskilled]
   spear              [Unskilled]
   trident            [Unskilled]
   sling              [Unskilled]
   dart               [Unskilled]
   shuriken           [Unskilled]
 Spellcasting Skills
   attack spells      [Basic]
   healing spells     [Unskilled]
   divination spells  [Unskilled]
   enchantment spells [Basic]
   clerical spells    [Unskilled]
   escape spells      [Unskilled]
   matter spells      [Unskilled]

Voluntary challenges:
 Character rerolling was not enabled.
 You never genocided any monsters.
 You never polymorphed an object.
 You never changed form.
 You used no wishes.
Achievements:
 You entered a shop.
 You attained the rank of Conjurer.
 You attained the rank of Thaumaturge.

 The Dungeons of Doom: levels 1 to 7
    Level 1:
    Level 2:
       A general store.
    Level 3:
       A general store, a fountain.
    Level 4:
    Level 5:
       An armor shop, a sink.
    Level 6:
       Some fountains.
    Level 7: <- You were here.
       Many fountains.
       Oracle of Delphi.
       Final resting place for
          you, killed by an ettin zombie, while moving through the air.


Vanquished creatures:
  a giant mimic
  3 small mimics
  a gelatinous cube
  a leather golem
  2 spotted jellies
  a leprechaun
  a gnome ruler
  a yeti
  a dingo
  a jaguar
  a gnome mummy
  2 apes
  a Woodland-elf
  9 Mordor orcs
 an orc shaman
  a rock piercer
  2 rock moles
  a pony
  a fog cloud
  a yellow light
  2 shriekers
  a gray ooze
  2 elf zombies
  4 giant ants
  a floating eye
  a kitten
  a dwarf
  a kobold leader
  a kobold shaman
  2 hill orcs
  3 rothes
  3 giant bats
  2 wererats
  3 iguanas
  2 hobbits
  9 manes
  a large kobold
  a giant rat
  4 cave spiders
  a brown mold
  a yellow mold
  a red mold
  a gnome zombie
  7 geckos
  9 jackals
  a fox
  a kobold
  a goblin
  8 grid bugs
  8 lichens
  2 kobold zombies
  5 newts
123 creatures vanquished.

No species were genocided or became extinct.

Game over:
                       ----------
                      /          \
                     /    REST    \
                    /      IN      \
                   /     PEACE      \
                  /                  \
                  |      Grufus      |
                  |      209 Au      |
                  |   killed by an   |
                  |   ettin zombie   |
                  |                  |
                  |                  |
                  |       2026       |
                 *|     *  *  *      | *
        _________)/\\_//(\/(/\)/\//\/|_)_______

Goodbye Grufus the Wizard...

You died in The Dungeons of Doom on dungeon level 7 with 5199 points,
and 209 pieces of gold, after 5407 moves.
You were level 7 with a maximum of 65 hit points when you died.

